| TOP OF THE 1ST |
|
Chicago (DL) White Sox batting - Pitching for Boston (DL) Red Sox : RHP Ubaldo Jimenez
|
|
Pitching: RHP Ubaldo Jimenez
|
|
|
Batting: LHB Jack Brohamer
|
0-0: Ball 1-0: Ball 2-0: Ball 3-0: Called Strike 3-1: Base on Balls
|
|
Batting: LHB Johnny Bassler
|
0-0: Ground out 4-3 (Groundball, 34, EV 86.3 MPH) Jack Brohamer to second
|
|
Batting: RHB Doug Rader
|
0-0: Called Strike 0-1: SINGLE (Line Drive, 4MD, EV 98.1 MPH) Jack Brohamer to third Runner from 3rd tries for Home, SAFE, throw by CF to home
|
|
Batting: LHB Bevo LeBourveau
|
0-0: Called Strike 0-1: Foul Ball, location: 2F 0-2: Foul Ball, location: 2F 0-2: Strikes out swinging
|
|
Batting: RHB Denny Lyons
|
0-0: Ball 1-0: Ball 2-0: Foul Ball, location: 2F 2-1: Called Strike 2-2: Fly out, F4 (Popup, 34, EV 60.6 MPH)
|
| Top of the 1st over - 1 run, 1 hit, 0 errors, 1 left on base; Chicago (DL) 1 - Boston (DL) 0 |
| BOTTOM OF THE 1ST |
|
Boston (DL) Red Sox batting - Pitching for Chicago (DL) White Sox : RHP Kerry Wood
|
|
Pitching: RHP Kerry Wood
|
|
|
Batting: RHB Lonnie Smith
|
0-0: Ball 1-0: Ball 2-0: Called Strike 2-1: Ball 3-1: Ground out 4-3 (Groundball, 4, EV 108.1 MPH)
|
|
Batting: RHB Matt Kemp
|
0-0: Called Strike 0-1: Ball 1-1: Called Strike 1-2: Strikes out swinging
|
|
Batting: LHB David Justice
|
0-0: Ball 1-0: Ball 2-0: Ball 3-0: Called Strike 3-1: Base on Balls
|
|
Batting: LHB Eddie Mathews
|
0-0: Foul Ball, location: 2F 0-1: Ball Passed Ball! David Justice to second 1-1: Swinging Strike 1-2: Foul Ball, location: 2F 1-2: Strikes out swinging
|
| Bottom of the 1st over - 0 runs, 0 hits, 0 errors, 1 left on base; Chicago (DL) 1 - Boston (DL) 0 |
| TOP OF THE 2ND |
|
Chicago (DL) White Sox batting - Pitching for Boston (DL) Red Sox : RHP Ubaldo Jimenez
|
|
Batting: LHB Mel Almada
|
0-0: Swinging Strike 0-1: Ball 1-1: Ball 2-1: Ball 3-1: Base on Balls
|
|
Batting: RHB Ken Harrelson
|
0-0: Ball 1-0: Ball 2-0: DOUBLE (Flyball, 78XD, EV 112.5 MPH) Mel Almada to third
|
|
Batting: RHB Gary Disarcina
|
0-0: Swinging Strike 0-1: Ball Wild Pitch! Mel Almada scores Ken Harrelson to third 1-1: Foul Ball, location: 2F 1-2: Ball 2-2: Ball 3-2: Base on Balls
|
|
Batting: RHB Kerry Wood
|
0-0: Ball 1-0: Bunted foul 1-1: Ball 2-1: Bunted foul 2-2: Sac Bunt - play at second, runner OUT -> throw to first, DP!
|
|
Batting: LHB Jack Brohamer
|
0-0: Ball 1-0: Called Strike 1-1: Swinging Strike 1-2: Ball 2-2: Ball 3-2: SINGLE (Line Drive, 9S, EV 97.5 MPH) Ken Harrelson scores
|
|
Batting: LHB Johnny Bassler
|
0-0: Called Strike 0-1: Foul Ball, location: 2F 0-2: Ball 1-2: Ball 2-2: Foul Ball, location: 2F 2-2: Ball 3-2: Base on Balls Jack Brohamer to second
|
|
Batting: RHB Doug Rader
|
0-0: Foul Ball, location: 2F 0-1: Ball 1-1: Called Strike 1-2: SINGLE (Groundball, 4MS, EV 73.8 MPH) (infield hit) Jack Brohamer to third Johnny Bassler to second
|
|
Batting: LHB Bevo LeBourveau
|
0-0: Called Strike 0-1: Ground out U3 (Groundball, 3, EV 83.1 MPH)
|
| Top of the 2nd over - 2 runs, 3 hits, 0 errors, 3 left on base; Chicago (DL) 3 - Boston (DL) 0 |
| BOTTOM OF THE 2ND |
|
Boston (DL) Red Sox batting - Pitching for Chicago (DL) White Sox : RHP Kerry Wood
|
|
Batting: LHB Reggie Jefferson
|
0-0: Swinging Strike 0-1: Fly out, F7 (Flyball, 78M, EV 90.6 MPH)
|
|
Batting: RHB Kevin Elster
|
0-0: Called Strike 0-1: Foul Ball, location: 2F 0-2: Ball 1-2: SINGLE (Line Drive, 9S, EV 105.6 MPH)
|
|
Batting: RHB Yan Gomes
|
0-0: Called Strike 0-1: Ball 1-1: Ball 2-1: Foul Ball, location: 2F 2-2: Foul Ball, location: 2F 2-2: Ball 3-2: Strikes out swinging Kevin Elster steals 2nd base Batter strikes out.
|
|
Batting: RHB Mariano Duncan
|
0-0: Ball 1-0: Ground out 5-3 (Groundball, 56S, EV 63.8 MPH)
|
| Bottom of the 2nd over - 0 runs, 1 hit, 0 errors, 1 left on base; Chicago (DL) 3 - Boston (DL) 0 |
| TOP OF THE 3RD |
|
Chicago (DL) White Sox batting - Pitching for Boston (DL) Red Sox : RHP Ubaldo Jimenez
|
|
Batting: RHB Denny Lyons
|
0-0: Ball 1-0: Ball 2-0: Ball 3-0: Called Strike 3-1: Base on Balls
|
|
Batting: LHB Mel Almada
|
0-0: Called Strike 0-1: Swinging Strike 0-2: Ball 1-2: Ball 2-2: Strikes out swinging
|
|
Batting: RHB Ken Harrelson
|
0-0: Ball 1-0: Foul Ball, location: 2F 1-1: Fly out, F6 (Flyball, 56D, EV 90.6 MPH)
|
|
Batting: RHB Gary Disarcina
|
0-0: Ball 1-0: Foul Ball, location: 2F 1-1: Called Strike 1-2: Foul Ball, location: 2F 1-2: Ball 2-2: Foul Ball, location: 2F 2-2: Ball 3-2: Fly out, F7 (Flyball, 7, EV 83.8 MPH)
|
| Top of the 3rd over - 0 runs, 0 hits, 0 errors, 1 left on base; Chicago (DL) 3 - Boston (DL) 0 |
| BOTTOM OF THE 3RD |
|
Boston (DL) Red Sox batting - Pitching for Chicago (DL) White Sox : RHP Kerry Wood
|
|
Batting: RHB Ubaldo Jimenez
|
0-0: Foul Ball, location: 2F 0-1: Ball 1-1: Ball 2-1: Ball 3-1: Swinging Strike 3-2: Foul Ball, location: 2F 3-2: Base on Balls
|
|
Batting: RHB Lonnie Smith
|
0-0: Called Strike 0-1: Swinging Strike 0-2: Ball 1-2: Ball 2-2: Ball 3-2: Strikes out swinging
|
|
Batting: RHB Matt Kemp
|
0-0: Ball 1-0: Ball 2-0: Grounds into double play, 6-4-3 (Groundball, 6, EV 105.6 MPH)
|
| Bottom of the 3rd over - 0 runs, 0 hits, 0 errors, 0 left on base; Chicago (DL) 3 - Boston (DL) 0 |
| TOP OF THE 4TH |
|
Chicago (DL) White Sox batting - Pitching for Boston (DL) Red Sox : RHP Ubaldo Jimenez
|
|
Batting: RHB Kerry Wood
|
0-0: Foul Ball, location: 2F 0-1: Ball 1-1: Ground out 5-3 (Groundball, 5, EV 81.3 MPH)
|
|
Batting: LHB Jack Brohamer
|
0-0: Foul Ball, location: 2F 0-1: Foul Ball, location: 2F 0-2: Strikes out looking
|
|
Batting: LHB Johnny Bassler
|
0-0: Ball 1-0: Ball 2-0: Swinging Strike 2-1: Ball 3-1: Base on Balls
|
|
Batting: RHB Doug Rader
|
0-0: Called Strike 0-1: SINGLE (Groundball, 56, EV 105.6 MPH) (infield hit) Johnny Bassler to second
|
|
Batting: LHB Bevo LeBourveau
|
0-0: Called Strike 0-1: Foul Ball, location: 2F 0-2: Ball 1-2: Strikes out looking
|
| Top of the 4th over - 0 runs, 1 hit, 0 errors, 2 left on base; Chicago (DL) 3 - Boston (DL) 0 |
| BOTTOM OF THE 4TH |
|
Boston (DL) Red Sox batting - Pitching for Chicago (DL) White Sox : RHP Kerry Wood
|
|
Batting: LHB David Justice
|
0-0: Ball 1-0: Foul Ball, location: 2F 1-1: Fly out, F6 (Flyball, 6MD, EV 80.6 MPH)
|
|
Batting: LHB Eddie Mathews
|
0-0: Ball 1-0: SINGLE (Line Drive, 7S, EV 92.5 MPH)
|
|
Batting: LHB Reggie Jefferson
|
0-0: Ball 1-0: Foul Ball, location: 2F 1-1: Called Strike 1-2: Ball 2-2: Foul Ball, location: 2F 2-2: Fly out, F7 (Flyball, 78M, EV 86.9 MPH)
|
|
Batting: RHB Kevin Elster
|
0-0: Ball 1-0: Swinging Strike 1-1: Foul Ball, location: 2F 1-2: Ball 2-2: Reached on error, E6 (Groundball, 56, EV 79.4 MPH) Eddie Mathews to second
|
|
Batting: RHB Yan Gomes
|
0-0: Called Strike 0-1: Ball 1-1: Ball 2-1: Ball 3-1: Base on Balls Eddie Mathews to third Kevin Elster to second
|
|
Batting: RHB Mariano Duncan
|
0-0: Ball 1-0: Foul Ball, location: 2F 1-1: Foul Ball, location: 2F 1-2: Foul Ball, location: 2F 1-2: Ground out 4-3 (Groundball, 34, EV 78.1 MPH)
|
| Bottom of the 4th over - 0 runs, 1 hit, 1 error, 3 left on base; Chicago (DL) 3 - Boston (DL) 0 |
| TOP OF THE 5TH |
|
Chicago (DL) White Sox batting - Pitching for Boston (DL) Red Sox : RHP Ubaldo Jimenez
|
|
Batting: RHB Denny Lyons
|
0-0: Ground out 6-3 (Groundball, 6, EV 91.3 MPH)
|
|
Batting: LHB Mel Almada
|
0-0: SINGLE (Line Drive, 4M, EV 95.0 MPH)
|
|
Batting: RHB Ken Harrelson
|
0-0: Ball 1-0: Foul Ball, location: 2F 1-1: Ball 2-1: TRIPLE (Groundball, 3L, EV 106.3 MPH) Mel Almada scores
|
|
Batting: RHB Gary Disarcina
|
0-0: Ball 1-0: Ball 2-0: Called Strike 2-1: Swinging Strike 2-2: Ball 3-2: Base on Balls
|
|
Batting: RHB Kerry Wood
|
0-0: Ball 1-0: Ball 2-0: Called Strike 2-1: Swinging Strike 2-2: Strikes out swinging
|
|
Batting: LHB Jack Brohamer
|
0-0: Called Strike 0-1: Fly out, F7 (Flyball, 7S, EV 95.6 MPH)
|
| Top of the 5th over - 1 run, 2 hits, 0 errors, 2 left on base; Chicago (DL) 4 - Boston (DL) 0 |
| BOTTOM OF THE 5TH |
|
Boston (DL) Red Sox batting - Pitching for Chicago (DL) White Sox : RHP Kerry Wood
|
|
Batting: RHB Ubaldo Jimenez
|
0-0: Called Strike 0-1: Ball 1-1: Called Strike 1-2: Foul Ball, location: 2F 1-2: Strikes out looking
|
|
Batting: RHB Lonnie Smith
|
0-0: Foul Ball, location: 2F 0-1: Ball 1-1: Ball 2-1: SOLO HOME RUN (Flyball, 7D, EV 101.9 MPH), Distance : 419 ft
|
|
Batting: RHB Matt Kemp
|
0-0: Ball 1-0: Swinging Strike 1-1: Ball 2-1: Swinging Strike 2-2: Ball 3-2: Base on Balls
|
|
Batting: LHB David Justice
|
0-0: Ball 1-0: Foul Ball, location: 2F 1-1: Ball 2-1: SINGLE (Line Drive, 4D, EV 101.9 MPH) Matt Kemp to second Runner from 2nd tries for 3rd, SAFE, throw by RF made to third
|
|
Batting: LHB Eddie Mathews
|
0-0: Swinging Strike 0-1: Called Strike 0-2: Strikes out swinging
|
|
Batting: LHB Reggie Jefferson
|
0-0: Ball 1-0: Foul Ball, location: 2F 1-1: Ball 2-1: Called Strike 2-2: Foul Ball, location: 2F 2-2: Strikes out swinging
|
| Bottom of the 5th over - 1 run, 2 hits, 0 errors, 2 left on base; Chicago (DL) 4 - Boston (DL) 1 |
| TOP OF THE 6TH |
|
Chicago (DL) White Sox batting - Pitching for Boston (DL) Red Sox : RHP Ubaldo Jimenez
|
|
Batting: LHB Johnny Bassler
|
0-0: Ball 1-0: Foul Ball, location: 2F 1-1: Ball 2-1: Called Strike 2-2: Fly out, F9 (Line Drive, 9D, EV 95.6 MPH)
|
|
Pitching: LHP Earl Jones
|
|
|
Now at 1B: Lee May
|
|
|
Batting: RHB Doug Rader
|
0-0: Ball 1-0: Ball 2-0: Swinging Strike 2-1: Called Strike 2-2: Foul Ball, location: 2F 2-2: Foul Ball, location: 2F 2-2: Strikes out swinging
|
|
Batting: LHB Bevo LeBourveau
|
0-0: Called Strike 0-1: Ball 1-1: Swinging Strike 1-2: Ball 2-2: Strikes out swinging passed ball, reaches first!
|
|
Batting: RHB Denny Lyons
|
0-0: Ball 1-0: Called Strike 1-1: Ball 2-1: Ball 3-1: Called Strike 3-2: Reached on error, E4 (Groundball, 4, EV 89.4 MPH) Bevo LeBourveau to second
|
|
Batting: LHB Mel Almada
|
0-0: Ball 1-0: Swinging Strike 1-1: SINGLE (Flyball, 3D, EV 89.4 MPH) Bevo LeBourveau to third Denny Lyons to second Runner from 3rd tries for Home, SAFE, throw by RF to home
|
|
Batting: RHB Ken Harrelson
|
0-0: Ball 1-0: Called Strike 1-1: Foul Ball, location: 2F 1-2: Fly out, F7 (Flyball, 78D, EV 106.3 MPH)
|
| Top of the 6th over - 1 run, 1 hit, 1 error, 2 left on base; Chicago (DL) 5 - Boston (DL) 1 |
| BOTTOM OF THE 6TH |
|
Boston (DL) Red Sox batting - Pitching for Chicago (DL) White Sox : RHP Kerry Wood
|
|
Batting: RHB Kevin Elster
|
0-0: Foul Ball, location: 2F 0-1: Fly out, F6 (Popup, 6MS, EV 71.3 MPH)
|
|
Batting: RHB Yan Gomes
|
0-0: Called Strike 0-1: Ball 1-1: Foul Ball, location: 2F 1-2: Foul Ball, location: 2F 1-2: Strikes out looking
|
|
Batting: RHB Mariano Duncan
|
0-0: Ball 1-0: Ground out 6-3 (Groundball, 6MD, EV 105.0 MPH)
|
| Bottom of the 6th over - 0 runs, 0 hits, 0 errors, 0 left on base; Chicago (DL) 5 - Boston (DL) 1 |
| TOP OF THE 7TH |
|
Chicago (DL) White Sox batting - Pitching for Boston (DL) Red Sox : LHP Earl Jones
|
|
Batting: RHB Gary Disarcina
|
0-0: Ball 1-0: Swinging Strike 1-1: DOUBLE (Line Drive, 78D, EV 103.8 MPH)
|
|
Batting: RHB Kerry Wood
|
0-0: Ball 1-0: Bunted foul 1-1: Bunted foul 1-2: Sac Bunt to 2L - play at first, batter OUT! 2-4 Gary Disarcina to third
|
|
Batting: LHB Jack Brohamer
|
0-0: Ball 1-0: Ball 2-0: SINGLE (Line Drive, 89S, EV 100.0 MPH) Gary Disarcina scores
|
|
Pitching: RHP Rodrigo Lopez
|
|
|
Batting: LHB Johnny Bassler
|
0-0: Ball Jack Brohamer is caught stealing 2nd base 2-6 1-0: Ball 2-0: Ground out 6-3 (Groundball, 6, EV 86.3 MPH)
|
| Top of the 7th over - 1 run, 2 hits, 0 errors, 0 left on base; Chicago (DL) 6 - Boston (DL) 1 |
| BOTTOM OF THE 7TH |
|
Boston (DL) Red Sox batting - Pitching for Chicago (DL) White Sox : RHP Kerry Wood
|
|
Batting: RHB Lee May
|
0-0: Ball 1-0: Ball 2-0: Ball 3-0: Called Strike 3-1: Base on Balls
|
|
Batting: RHB Lonnie Smith
|
0-0: Foul Ball, location: 2F 0-1: Ground out 4-3 (Groundball, 34D, EV 77.5 MPH) Lee May to second
|
|
Batting: RHB Matt Kemp
|
0-0: Called Strike 0-1: Foul Ball, location: 2F 0-2: Ball 1-2: Ball 2-2: Foul Ball, location: 2F 2-2: Ball 3-2: Fly out, F7 (Line Drive, 7, EV 85.0 MPH)
|
|
Pitching: LHP Claude Osteen
|
|
|
Batting: LHB David Justice
|
0-0: Ball 1-0: Fly out, F8 (Line Drive, 8RM, EV 99.4 MPH)
|
| Bottom of the 7th over - 0 runs, 0 hits, 0 errors, 1 left on base; Chicago (DL) 6 - Boston (DL) 1 |
| TOP OF THE 8TH |
|
Chicago (DL) White Sox batting - Pitching for Boston (DL) Red Sox : RHP Rodrigo Lopez
|
|
Batting: RHB Doug Rader
|
0-0: Ball 1-0: Called Strike 1-1: Swinging Strike 1-2: Ball 2-2: Strikes out swinging
|
|
Batting: LHB Bevo LeBourveau
|
0-0: Foul Ball, location: 2F 0-1: Foul Ball, location: 2F 0-2: Strikes out swinging
|
|
Batting: RHB Denny Lyons
|
0-0: Ground out 6-3 (Groundball, 6, EV 107.5 MPH)
|
| Top of the 8th over - 0 runs, 0 hits, 0 errors, 0 left on base; Chicago (DL) 6 - Boston (DL) 1 |
| BOTTOM OF THE 8TH |
|
Boston (DL) Red Sox batting - Pitching for Chicago (DL) White Sox : LHP Claude Osteen
|
|
Batting: LHB Eddie Mathews
|
0-0: Fly out, F2 (Popup, 2LF, EV 90.6 MPH)
|
|
Pinch Hitting: RHB Andrew McCutchen
|
0-0: Ball 1-0: Foul Ball, location: 2F 1-1: SOLO HOME RUN (Flyball, 7D, EV 105.0 MPH), Distance : 420 ft
|
|
Batting: RHB Kevin Elster
|
0-0: Foul Ball, location: 2F 0-1: Fly out, F7 (Line Drive, 7, EV 86.3 MPH)
|
|
Batting: RHB Yan Gomes
|
0-0: Ball 1-0: Called Strike 1-1: SINGLE (Groundball, 4MD, EV 103.8 MPH)
|
|
Batting: RHB Mariano Duncan
|
0-0: Ball 1-0: SINGLE (Line Drive, 4M, EV 105.6 MPH) Yan Gomes to second Runner from 2nd tries for 3rd, OUT! 8-5
|
| Bottom of the 8th over - 1 run, 3 hits, 0 errors, 1 left on base; Chicago (DL) 6 - Boston (DL) 2 |
| TOP OF THE 9TH |
|
Chicago (DL) White Sox batting - Pitching for Boston (DL) Red Sox : RHP Rodrigo Lopez
|
|
Pitching: LHP Aroldis Chapman
|
|
|
Batting: LHB Mel Almada
|
0-0: Ball 1-0: Ball 2-0: Swinging Strike 2-1: Called Strike 2-2: Strikes out swinging
|
|
Batting: RHB Ken Harrelson
|
0-0: Ball 1-0: Called Strike 1-1: Ball 2-1: Ball 3-1: Called Strike 3-2: Strikes out swinging
|
|
Batting: RHB Gary Disarcina
|
0-0: Called Strike 0-1: Ball 1-1: Ball 2-1: Called Strike 2-2: Ball 3-2: Strikes out swinging
|
| Top of the 9th over - 0 runs, 0 hits, 0 errors, 0 left on base; Chicago (DL) 6 - Boston (DL) 2 |
| BOTTOM OF THE 9TH |
|
Boston (DL) Red Sox batting - Pitching for Chicago (DL) White Sox : LHP Claude Osteen
|
|
Batting: RHB Lee May
|
0-0: Ball 1-0: Ground out 4-3 (Groundball, 4, EV 78.8 MPH)
|
|
Batting: RHB Lonnie Smith
|
0-0: Ball 1-0: Ball
|
|
|